 Dungeon Crawl Stone Soup version 0.31-a0-746-ge8284cb111 (webtiles) character file.

Game seed: 6885677534758553961

3729 CrazyBamboolord the Mimic (level 9, -9/69 HPs)
             Began as a Demonspawn Shapeshifter on Sept 14, 2023.
             Mangled by an ogre
             ... wielding a +0 giant spiked club
              (31 damage)
             ... on level 7 of the Dungeon.
             The game lasted 00:11:04 (6052 turns).

CrazyBamboolord the Mimic (Demonspawn Shapeshifter) Turns: 6052, Time: 00:11:04

Health: -9/69      AC: 12    Str: 19    XL:     9   Next: 92%
Magic:  9/9        EV:  9    Int: 11    God:
Gold:   59         SH:  0    Dex: 13    Spells: 8/8 levels left

rFire   + .          .
                       - Unarmed
rCold   . . .        (shield currently unavailable)
rNeg    . . .        p - +2 chain mail {rF+}
rPois   +            (no helmet)
rElec   .            b - +0 cloak
rCorr   .            (gloves unavailable)
SInv    .            C - +0 pair of boots
Will    +....        y - amulet of the acrobat Stlth
                     B - ring of poison resistance
HPRegen 0.31/turn    z - ring of willpower
MPRegen 0.11/turn

%: acrobat
@: flux-form, glowing
A: glow, contaminating, spiny 1, demonic touch 3
a: Begin Untransformation


You were on level 7 of the Dungeon.
You were something dangerously unstable.
You visited 2 branches of the dungeon, and saw 8 of its levels.
You also visited: Ossuary.

You collected 326 gold pieces.
You spent 267 gold pieces at shops.

Inventory:

Missiles
 v - 2 throwing nets
Armour
 b - a +0 cloak (worn)
 p - a +2 chain mail of fire resistance (worn)
 C - a +0 pair of boots (worn)
 E - a +0 buckler of protection
Jewellery
 e - a +4 ring of protection
 n - an amulet of faith
 y - an amulet of the acrobat (around neck)
 z - a ring of willpower (right hand)
 B - a ring of poison resistance (left hand)
Talismans
 c - a beast talisman
 d - a flux talisman (active)
 D - a blade talisman
Wands
 A - a wand of roots (6)
Scrolls
 i - a scroll of torment {unknown}
 m - 6 scrolls of teleportation
 r - 2 scrolls of enchant armour
 s - a scroll of amnesia {unknown}
 u - 5 scrolls of revelation
 F - a scroll of vulnerability {unknown}
Potions
 a - 2 potions of brilliance
 f - 4 potions of heal wounds
 g - a potion of degeneration {unknown}
 h - a potion of ambrosia {unknown}
 j - 2 potions of haste {unknown}
 k - a potion of resistance
 l - 2 potions of curing
 o - 2 potions of might {unknown}
 q - 2 potions of berserk rage {unknown}
 t - 2 potions of invisibility {unknown}
 w - a potion of magic {unknown}
 x - a potion of lignification
 G - a potion of enlightenment {unknown}


   Skills:
 - Level 6.0 Fighting
 - Level 5.0 Dodging
 * Level 1.5 Shields
 - Level 5.0 Unarmed Combat
 * Level 9.5 Shapeshifting


You had 8 spell levels left.
You didn't know any spells.
Your spell library contained the following spells:

 Spells                   Type           Power      Damage    Failure   Level
 Sandblast                Erth           0%         2d4       98%         1
 Passwall                 Tmut/Erth      0%         N/A       99%         2
 Wereblood                Tmut           0%         N/A       99%         2
 Stone Arrow              Conj/Erth      0%         3d7       100%        3
 Tukima's Dance           Hex            0%         N/A       100%        3
 Dimensional Bullseye     Hex/Tloc       0%         N/A       100%        4
 Iskenderun's Mystic Bla  Conj/Tloc      0%         2d3       100%        4
 Irradiate                Conj/Tmut      0%         3d11      100%        5


Dungeon Overview and Level Annotations

Branches:
Dungeon (7/15)             Temple (1/1) D:5         Ossuary (visited)

Altars:
Ashenzari
Cheibriados
Dithmenos
Fedhas
Gozag
Hepliaklqana
Kikubaaqudgha
Makhleb
Nemelex Xobeh
Okawaru
Qazlal
Ru
Sif Muna
Trog
Uskayaw
Vehumet
Wu Jian
Xom
Yredelemnul

Shops:
D:2 (   D:6 [?


Innate Abilities, Weirdness & Mutations

You are something dangerously unstable.
You glow with magical radiation, making you easy to see and hit.
Foes you strike become dangerously contaminated with magical radiation.
You are incapable of wielding weapons or throwing items.
You are partially covered in sharp spines.
Your touch may irresistibly damage your foes and sap their willpower.


Message History

The orc shouts! x2; You hear a shout!
The orc is struck by your spines. The orc completely misses you.
The orc moves out of view. x2
You closely miss the orc.
The orc is severely wounded.
The orc is struck by your spines.
You kill the orc!
An ogre comes into view. It is wielding a +0 giant spiked club.
The ogre shouts!
An orc priest and an orc come into view.
Found a short sword.
The orc shouts!
The ogre hits you with a +0 giant club!!
You hit the ogre but do no damage.
The ogre begins to glow.
The orc hits you with a +2 hand axe of flaming.
The ogre attacks as it pursues you! The ogre closely misses you.
You hit the ogre.
The ogre glows dangerously bright.
You touch the ogre!
You sap its willpower!
The ogre is moderately wounded.
The orc throws a boomerang.
The boomerang hits you but does no damage.
Unknown command.
Unknown command.
The orc attacks as it pursues you! The orc misses you.
The ogre attacks as it pursues you! The ogre is struck by your spines.
The ogre misses you.
You hit the orc.
The orc begins to glow.
The orc is lightly wounded.
You hit the orc but do no damage.
The orc glows dangerously bright.
The orc is lightly wounded.
The orc hits you but does no damage.
You hit the orc but do no damage.
The orc shudders as magic cascades through it!
You kill the orc!
You closely miss the ogre. Your touch misses the ogre.
The ogre hits you with a +0 giant spiked club!!
You hit the ogre.
The ogre begins to glow.
The ogre is lightly wounded.
The ogre hits you with a +0 giant spiked club!!
You die...

......# ..#..#
.......##.....#
##........##)...##
.........<.......#.#
.......##.........#
#.... #..........
##.. #..........
##..####..........
#...OOB...........
....#oo##...........
. ##..#...........
...o..oo.............
......o..............
..................#.
..)..............>#
..................
.....##........


You could see 2 ogres and 2 orcs.

Vanquished Creatures
  Pikel (D:5)
  Maggie (D:6)
  Grinder (D:4)
  Sigmund (D:4)
  Menkaure (D:6)
  Edmund (D:4)
  Duvessa (D:4)
  A sky beast (D:6)
  2 black bears
  3 ogres
  A centaur (D:6)
  A kobold brigand (D:6)
  4 elf zombies (Ossuary)
  2 bullfrogs (D:6)
  Dowan (D:4)
  4 centaur zombies (Ossuary)
  4 human zombies (Ossuary)
  A jelly (D:4)
  2 sleepcaps
  Crazy Yiuf (D:6)
  5 hounds
  3 orc priests
  A gnoll bouda (D:6)
  Terence (D:3)
  7 iguanas
  3 orc wizards
  4 mummies
  4 adders
  11 gnolls
  2 white imps (D:6)
  An ufetubus (D:5)
  2 worms (D:2)
  A dart slug (D:5)
  17 orcs
  3 endoplasms
  5 giant cockroaches
  5 hobgoblins
  6 jackals
  2 quokkas
  3 ball pythons
  A bat (D:3)
  3 frilled lizards
  9 goblins
  15 kobolds
  21 rats
169 creatures vanquished.

Notes
Turn   | Place    | Note
-------+----------+-------------------------------------------
     0 | D:1      | CrazyBamboolord the Demonspawn Shapeshifter began the quest
                  | for the Orb.
     0 | D:1      | Reached XP level 1. HP: 15/15 MP: 1/1
    91 | D:1      | Found a faded altar of an unknown god.
   289 | D:1      | Reached skill level 3 in Shapeshifting
   450 | D:1      | Gained mutation: You are partially covered in sharp spines.
                  | [demonic ancestry]
   450 | D:1      | Reached XP level 2. HP: 18/21 MP: 2/2
   858 | D:2      | Found Aluokan's Weapon Boutique.
   979 | D:2      | Found a radiant altar of Vehumet.
  1003 | D:2      | Reached XP level 3. HP: 13/26 MP: 3/3
  1548 | D:3      | Noticed Terence
  1566 | D:3      | Killed Terence
  1567 | D:3      | Reached skill level 4 in Shapeshifting
  1567 | D:3      | Reached XP level 4. HP: 15/32 MP: 4/4
  1722 | D:3      | Identified the +10 trident of the Singing Hawk {holy, rN+++
                  | Str-2 Int+3}
  2233 | D:4      | Noticed Grinder
  2241 | D:4      | Reached XP level 5. HP: 20/37 MP: 5/5
  2253 | D:4      | Paralysed by Grinder for 2 turns
  2257 | D:4      | Killed Grinder
  2258 | D:4      | Reached skill level 6 in Shapeshifting
  2258 | D:4      | Reached XP level 6. HP: 14/43 MP: 6/6
  2352 | D:4      | Found a sand-covered staircase.
  2395 | Ossuary  | Entered an ossuary
  2451 | Ossuary  | Gained mutation: Your touch may inflict minor irresistible
                  | damage on your foes. [demonic ancestry]
  2451 | Ossuary  | Reached XP level 7. HP: 36/48 MP: 7/7
  2514 | Ossuary  | Reached skill level 7 in Shapeshifting
  2782 | D:4      | Noticed Sigmund
  2787 | D:4      | Noticed Duvessa
  2790 | D:4      | Killed Sigmund
  2791 | D:4      | Gained mutation: Your touch may inflict irresistible damage
                  | on your foes. [demonic ancestry]
  2791 | D:4      | Reached XP level 8. HP: 57/57 MP: 8/8
  2795 | D:4      | Noticed Dowan
  2805 | D:4      | Killed Duvessa
  2810 | D:4      | Killed Dowan
  2818 | D:4      | Identified the +3 war axe "Caom Countu" {vamp, rC- rN+
                  | Str+4 SInv}
  3204 | D:4      | Noticed Edmund
  3212 | D:4      | Killed Edmund
  3344 | D:4      | Found a shadowy altar of Dithmenos.
  3728 | D:5      | Entered Level 5 of the Dungeon
  3850 | D:5      | Found a staircase to the Ecumenical Temple.
  3891 | D:5      | Found a basalt altar of Yredelemnul.
  3905 | D:5      | Found a snail-covered altar of Cheibriados.
  3919 | D:5      | Found an ornate altar of the Wu Jian Council.
  3921 | D:5      | Found a bloodstained altar of Trog.
  3967 | Temple   | Entered the Ecumenical Temple
  4736 | D:6      | Noticed Pikel
  4743 | D:5      | Killed Pikel
  4744 | D:5      | Reached skill level 5 in Fighting
  4744 | D:5      | Reached skill level 5 in Unarmed Combat
  4744 | D:5      | Reached skill level 8 in Shapeshifting
  4744 | D:5      | Gained mutation: Your touch may irresistibly damage your
                  | foes and sap their willpower. [demonic ancestry]
  4744 | D:5      | Reached XP level 9. HP: 66/68 MP: 9/9
  4821 | D:6      | Noticed Menkaure
  4828 | D:6      | Killed Menkaure
  4993 | D:6      | Reached skill level 5 in Dodging
  5013 | D:6      | Noticed Maggie
  5016 | D:6      | Found a hide-covered altar of Uskayaw.
  5027 | D:6      | Killed Maggie
  5209 | D:6      | Found a runed translucent door.
  5210 | D:6      | Noticed Crazy Yiuf
  5306 | D:6      | Found an iron altar of Okawaru.
  5412 | D:6      | Reached skill level 9 in Shapeshifting
  5458 | D:6      | Found The Oracle's Delphic Readings.
  5466 | D:6      | Bought a scroll of revelation for 75 gold pieces
  5535 | D:6      | Found Cuerif's Armour Shop.
  5541 | D:6      | Bought a +0 pair of boots for 54 gold pieces
  5541 | D:6      | Bought a +0 buckler of protection for 138 gold pieces
  5772 | D:6      | Reached skill level 1 in Shields
  5977 | D:6      | Killed Crazy Yiuf
  6052 | D:7      | Mangled by an ogre

Illustrated notes

Levels and vault maps discovered:
D:1:      amcnicky_arrival_abandoned_market, layout_loops_ring,
          shapermc_ecumenical_altar_venn
D:2:      layout_basic, basic_altar, serial_curves, eino_curves_03,
          eino_curves_03, serial_shops, nicolae_shop_bloodbath_and_beyond
D:3:      layout_basic, chequers_serial_rivers_small_b, minmay_rat_hole,
          uniq_terence
D:4:      layout_cave_pods, nicolae_dithmenos_through_a_glass_darkly,
          gup_ossuary_entry_pyramid, uniq_sigmund, uniq_duvessa, uniq_grinder,
          uniq_edmund
D:5:      layout_loops_ring, mainiacjoe_overflow_24_doors,
          nicolae_overflow_macrodata_refinement, minmay_temple_entry_trees,
          roderic_roman_lattice
D:6:      wander_river, layout_loops_cross, mainiacjoe_overflow_small_starburst,
          okawaru_gym_becter, serial_shops, shop, wad_floor_pattern_untrapped,
          corexii_checkpoint_a, nicolae_nh_oracle_at_delphi, uniq_pikel,
          uniq_crazy_yiuf_cottage, uniq_maggie, uniq_menkaure
D:7:      layout_cave_pools, fountainhead, minmay_misc_feat_hallway,
          minmay_manual_monstrance, uniq_joseph
Temple:   compressed_dpeg_circular_temple

Skill      XL: |  1  2  3  4  5  6  7  8  9 |
---------------+----------------------------+-----
Shapeshifting  | 3 4 6 7 8 9 |  9.5
Dodging        | 3 4 5 |  5.0
Unarmed Combat | 3 5 |  5.0
Fighting       | 2 5 6 |  6.0
Shields        | 1 |  1.5

Action                     |  1- 3 |  4- 6 |  7- 9 || total
---------------------------+-------+-------+-------++-------
  Melee: Unarmed           |    75 |   126 |   266 ||   467
         Punch             |       |     5 |     4 ||     9
         Touch             |       |       |    72 ||    72
    Use: Potion            |     1 |     2 |       ||     3
         Scroll            |       |     6 |     3 ||     9
 Armour: Animal skin       |    12 |       |       ||    12
         Leather armour    |    14 |     1 |       ||    15
         Skin              |     7 |    58 |       ||    65
         Chain mail        |       |    76 |   196 ||   272
  Dodge: Dodged            |    31 |    29 |   105 ||   165
   Form: Flux              |       |       |     1 ||     1

Table legend: (Time is in decaauts)
 A = Elapsed time spent in this place.
 B = Non-inter-level travel time spent in this place.
 C = Inter-level travel time spent in this place.
 D = Time resting spent in this place.
 E = Time spent auto-exploring this place.
 F = Levels seen in this place.
 G = Mean time per level.
                   A        B        C        D        E       F      G
               +--------+--------+--------+--------+--------+-----+--------+
         Total |   6059 |   5578 |    481 |    244 |   4112 |   9 |  673.2 |
       Dungeon |   5756 |   5277 |    479 |    161 |   4107 |   7 |  822.3 |
        Temple |      3 |      1 |      2 |      0 |      0 |   1 |    3.0 |
       Ossuary |    299 |    299 |      0 |     83 |      5 |   1 |  299.0 |
               +--------+--------+--------+--------+--------+-----+--------+

Top non-repeatable levels by time:
     D:6: 1279 daAuts
     D:4: 1248 daAuts
     D:5: 890 daAuts
     D:1: 855 daAuts
     D:3: 807 daAuts
     D:2: 625 daAuts
 Ossuary: 299 daAuts
     D:7: 50 daAuts
  Temple: 3 daAuts
